 Dungeon Crawl Stone Soup version 0.29-a0-615-gdeedd76f10 (webtiles) character file.

Game seed: 17825362454839545950

381 Lekart the Chopper (level 6, 0/53 HPs)
             Began as a Draconian Fighter on June 16, 2022.
             Was a Believer of Kikubaaqudgha.
             Slain by an orc priest
             ... wielding a +2 flail of protection
              (7 damage)
             ... on level 4 of the Dungeon on June 17, 2022.
             The game lasted 00:05:53 (3692 turns).

Lekart the Chopper (Draconian Fighter)              Turns: 3692, Time: 00:05:54

Health: 0/53       AC:  6    Str: 20    XL:     6   Next: 46%
Magic:  0/6        EV: 12    Int:  8    God:    Kikubaaqudgha [**....]
Gold:   98         SH:  4    Dex: 11    Spells: 3/5 levels left

rFire   . . .      SeeInvis .   a - +0 war axe
rCold   . . .      Faith    .   b - +0 buckler
rNeg    . . .      Spirit   +   (body armour unavailable)
rPois   .          Reflect  .   (helmet restricted)
rElec   .          Harm     .   (no cloak)
rCorr   .          Rampage  .   (no gloves)
Will    .....                   (no boots)
Stlth   +.........              h - amulet of guardian spirit
HPRegen 0.17/turn               (no ring)
MPRegen 0.10/turn               (no ring)

@: no status effects
A: AC +6, unfitting armour, cold-blooded, mutation resistance 1
a: Renounce Religion, Unearth Wretches


You were on level 4 of the Dungeon.
You worshipped Kikubaaqudgha.
Kikubaaqudgha was pleased with you.
You visited 1 branch of the dungeon, and saw 4 of its levels.

You collected 136 gold pieces.
You spent 38 gold pieces at shops.

Inventory:

Hand Weapons
 a - a +0 war axe (weapon)
Armour
 b - a +0 buckler (worn)
Jewellery
 h - an amulet of guardian spirit (around neck)
Scrolls
 e - a scroll of fear
 i - 5 scrolls of identify
 l - a scroll of enchant weapon {unknown}
 n - a scroll of enchant armour {unknown}
 p - a scroll of magic mapping
Potions
 c - a potion of flight {unknown}
 d - 2 potions of cancellation {unknown}
 f - 2 potions of degeneration {unknown}
 g - 2 potions of curing {unknown}
 j - 2 potions of magic {unknown}
 k - a potion of attraction
 m - a potion of brilliance {unknown}
 o - a potion of haste {unknown}
 q - a potion of berserk rage {unknown}


   Skills:
 + Level 4.3 Fighting
 + Level 4.7 Axes
 + Level 3.8 Dodging
 + Level 3.4 Shields
 * Level 2.2 Necromancy


You had 3 spell levels left.
You knew the following spells:

 Your Spells              Type           Power      Damage    Failure   Level
a - Sublimation of Blood  Necr           3%         N/A       34%         2

Your spell library contained the following spells:

 Spells                   Type           Power      Damage    Failure   Level
 Necrotize                Necr           12%        1d4       24%         1
 Vampiric Draining        Necr           3%         2d6       56%         3
 Portal Projectile        Hex/Tloc       0%         N/A       86%         3
 Tukima's Dance           Hex            0%         N/A       86%         3
 Anguish                  Hex/Necr       0%         N/A       98%         4
 Blade Hands              Tmut           0%         N/A       100%        5


Dungeon Overview and Level Annotations

Branches:
Dungeon (4/15)
 Temple: D:4-7

Altars:
Hepliaklqana
Kikubaaqudgha
Xom

Shops:
D:2 ?   D:3 ?

Annotations:
D:2 exclusion: downstairs
D:3 Grinder


Innate Abilities, Weirdness & Mutations

Your plain brown scales are hard. (AC +6)
You cannot fit into any form of body armour.
You are cold-blooded and may be slowed by cold attacks.
You are somewhat resistant to further mutation.


Message History

You barely miss the orc.
Your tail-slap misses the orc.
An orc priest comes into view.
It is wielding a +2 flail of protection.
The orc barely misses you.
You hit the orc.
The orc is lightly wounded.
You closely miss the orc.
The orc priest calls upon Beogh to heal the orc.
The orc's wounds heal themselves!
The orc hits you with a +0 hand axe. The orc barely misses you.
You closely miss the orc. You hit the orc but do no damage.
A goblin comes into view. It is wielding a +0 club.
The orc hits you with a +0 hand axe. The orc misses you.
You closely miss the orc. x2
The orc priest looks braver for a moment.
The orc misses you. The orc barely misses you.
The orc hits you with a +0 hand axe. x2
You slash the orc!
You kill the orc!
Kikubaaqudgha accepts your kill.
You barely miss the orc. The orc hits you with a +0 hand axe.
The orc priest looks braver for a moment.
You slash the orc priest!
The orc priest is heavily wounded.
You hit the orc.
The orc priest hits you but does no damage.
You block the orc's attack.
You hit the orc priest.
You tail-slap the orc priest, but do no damage.
The orc priest is severely wounded.
You slash the orc!
You kill the orc!
Kikubaaqudgha accepts your kill.
The orc priest invokes the aid of Beogh against you.
Beogh smites you!
The orc priest mumbles some strange prayers to Beogh against you.
Beogh smites you!
* * * LOW HITPOINT WARNING * * *
The orc priest hits you with a +2 flail of protection!
You die...
Kikubaaqudgha rasps: "You have failed me!
Welcome... death!"

.##
.....########.#.#
.......<.@oo.....
###.######g......
##..... #.## .# #


You could see 2 orc priests and a goblin.

Vanquished Creatures
  Sigmund (D:3)
  A kobold brigand (D:3)
  Jessica (D:2)
  Robin (D:2)
  3 adders
  2 worms
  2 dart slugs (D:2)
  2 orcs (D:4)
  6 endoplasms
  A giant cockroach (D:3)
  13 goblins
  11 hobgoblins
  3 jackals (D:1)
  A quokka (D:1)
  7 ball pythons
  7 bats
  2 frilled lizards
  10 kobolds
  A rat (D:3)
75 creatures vanquished.

Notes
Turn   | Place    | Note
-------+----------+-------------------------------------------
     0 | D:1      | Lekart the Draconian Fighter began the quest for the Orb.
     0 | D:1      | Reached XP level 1. HP: 19/19 MP: 1/1
   156 | D:1      | Reached XP level 2. HP: 17/26 MP: 2/2
   883 | D:2      | Found a faded altar of an unknown god.
   886 | D:2      | Reached XP level 3. HP: 26/31 MP: 3/3
   888 | D:2      | Prayed at the altar of an unknown god.
   888 | D:2      | Became a worshipper of Kikubaaqudgha
   888 | D:2      | Reached * piety under Kikubaaqudgha
   888 | D:2      | Received a gift from Kikubaaqudgha
   894 | D:2      | Learned a level 2 spell: Sublimation of Blood
  1104 | D:2      | Found Goheaq's Magic Scroll Boutique.
  1153 | D:2      | Noticed Robin
  1167 | D:2      | Killed Robin
  1773 | D:2      | Reached XP level 4. HP: 40/40 MP: 4/4
  1841 | D:2      | Noticed Jessica
  1843 | D:2      | Found a shimmering altar of Xom.
  1846 | D:2      | Killed Jessica
  1847 | D:2      | Reached skill level 1 in Necromancy
  2020 | D:2      | Upgraded the game from 0.29-a0-609-gb56f46d856 to
                  | 0.29-a0-615-gdeedd76f10
  2062 | D:3      | Reached ** piety under Kikubaaqudgha
  2470 | D:3      | Found an ancient bone altar of Kikubaaqudgha.
  2480 | D:3      | Found a hazy altar of Hepliaklqana.
  2692 | D:3      | Noticed Sigmund
  2732 | D:3      | Killed Sigmund
  2733 | D:3      | Reached XP level 5. HP: 24/46 MP: 5/5
  2733 | D:3      | Reached XP level 6. HP: 27/52 MP: 6/6
  2943 | D:3      | Found Sevif's Magic Scroll Shop.
  2967 | D:3      | Bought a scroll of magic mapping for 38 gold pieces
  2987 | D:3      | Noticed Grinder
  2995 | D:3      | Paralysed by Grinder for 3 turns
  2998 | D:3      | Gained mutation: You are somewhat resistant to further
                  | mutation. [potion of mutation]
  3692 | D:4      | Slain by an orc priest

Illustrated notes

Levels and vault maps discovered:
D:1:      nagdon_arrival_double_spiral, layout_basic
D:2:      layout_basic, basic_altar, serial_shops, nicolae_shop_stone,
          nicolae_ecumenical_oubliette, grunt_ministairs_1, uniq_jessica,
          uniq_robin
D:3:      cheibrodos_thug_alley, layout_loops_corners,
          amethyst_overflow_temple_binary, serial_shops, shop,
          corexii_corridor_pit, uniq_grinder, uniq_sigmund
D:4:      layout_rooms, item_on_display_a

Skill      XL: |  1  2  3  4  5  6 |
---------------+-------------------+-----
Dodging        | 3 |  3.8
Axes           | 4 |  4.7
Necromancy     | 1 2 |  2.2
Fighting       | 4 |  4.3
Shields        | |  3.4

Action                   |  1- 3 |  4- 6 || total
-------------------------+-------+-------++-------
Melee: War axe           |    84 |   103 ||   187
       Tailslap          |    11 |     7 ||    18
  Use: Scroll            |     3 |     2 ||     5
       Potion            |       |     2 ||     2
 Stab: Sleeping          |     1 |     1 ||     2
Armor: Skin              |    23 |    32 ||    55
Dodge: Dodged            |    67 |    55 ||   122
Block: Buckler           |    22 |    28 ||    50

Table legend: (Time is in decaauts)
 A = Elapsed time spent in this place.
 B = Non-inter-level travel time spent in this place.
 C = Inter-level travel time spent in this place.
 D = Time resting spent in this place.
 E = Time spent auto-exploring this place.
 F = Levels seen in this place.
 G = Mean time per level.
                   A        B        C        D        E       F      G
               +--------+--------+--------+--------+--------+-----+--------+
         Total |   3769 |   3632 |    137 |    398 |   2610 |   4 |  942.2 |
       Dungeon |   3769 |   3632 |    137 |    398 |   2610 |   4 |  942.2 |
               +--------+--------+--------+--------+--------+-----+--------+

Top non-repeatable levels by time:
     D:3: 1450 daAuts
     D:2: 1329 daAuts
     D:1: 979 daAuts
     D:4: 10 daAuts
